 Dungeon Crawl Stone Soup version 0.30-a0-748-ge6a52f7cba (webtiles) character file.

Game seed: 2903529659441687888

210 CowFu the Caller (level 6, -8/36 HPs)
             Began as a Kobold Summoner on Feb 8, 2023.
             Was a Believer of Qazlal.
             Killed from afar by Sigmund (19 damage)
             ... with a bolt of light
             ... on level 3 of the Dungeon.
             The game lasted 00:04:47 (2007 turns).

CowFu the Caller (Kobold Summoner)                  Turns: 2007, Time: 00:04:48

Health: -8/36      AC:  3    Str:  6    XL:     6   Next: 12%
Magic:  10/11      EV: 17    Int: 18    God:    Qazlal [**....]
Gold:   94         SH:  0    Dex: 21    Spells: 1/11 levels left

rFire   . . .      SeeInvis .    c - +0 short sword
rCold   . . .      Faith    .    (no shield)
rNeg    . . .      Spirit   .    a - +0 robe
rPois   .          Reflect  .    (no helmet)
rElec   .          Harm     .    e - +0 cloak
rCorr   .          Rampage  .    (no gloves)
Will    .....                    (no boots)
Stlth   ++                       (no amulet)
HPRegen 0.26/turn                f - +6 ring of dexterity
MPRegen 0.12/turn                (no ring)

@: confused
A: small, no large weapons, nightstalker 3
a: Renounce Religion, Upheaval


You were on level 3 of the Dungeon.
You worshipped Qazlal.
Qazlal was pleased with you.
You visited 1 branch of the dungeon, and saw 3 of its levels.

You collected 181 gold pieces.
You spent 87 gold pieces at shops.

Inventory:

Hand Weapons
 c - a +0 short sword (weapon)
Armour
 a - a +0 robe (worn)
 e - a +0 cloak (worn)
Jewellery
 f - a +6 ring of dexterity (left hand)
Scrolls
 d - a scroll of teleportation {unknown}
 g - a scroll of noise {unknown}
 h - a scroll of immolation {unknown}
 i - 2 scrolls of enchant armour {unknown}
 j - 2 scrolls of identify {unknown}
 l - a scroll of magic mapping {unknown}
 n - a scroll of amnesia {unknown}
Potions
 b - a potion of magic
 k - 3 potions of invisibility {unknown}
 m - a potion of curing


   Skills:
 + Level 2.6 Fighting
 + Level 4.0 Dodging
 - Level 3.1 Stealth
 + Level 3.4 Spellcasting
 + Level 4.8 Summonings


You had one spell level left.
You knew the following spells:

 Your Spells              Type           Power      Damage    Failure   Level
a - Summon Small Mammal   Summ           80%        N/A       2%          1
b - Call Imp              Summ           20%        N/A       3%          2
c - Call Canine Familiar  Summ           20%        N/A       6%          3
d - Summon Lightning Spi  Summ/Air       11%        N/A       50%         4

Your spell library contained the following spells:

 Spells                   Type           Power      Damage    Failure   Level
 Magic Dart               Conj           12%        1d3       16%         1
 Summon Guardian Golem    Hex/Summ       11%        N/A       17%         3
 Mephitic Cloud           Conj/Pois/Air  3%         N/A       43%         3


Dungeon Overview and Level Annotations

Branches:
Dungeon (3/15)

Altars:
Qazlal
The Shining One

Shops:
D:2 ****

Annotations:
D:3 Sigmund


Innate Abilities, Weirdness & Mutations

You are small and have problems with some larger weapons.
You are completely attuned to the shadows.


Message History

You're too confused to cast spells.
Are you sure you want to stumble around while confused and next to your quokka?
You bump into the rock wall.
Sigmund hits you with a +0 scythe.
Are you sure you want to stumble around while confused and next to your quokka? [Y]es or [N]o only, please.
Are you sure you want to stumble around while confused and next to your quokka?
Okay, then.
Are you sure you want to stumble around while confused and next to your quokka?
You bump into the rock wall.
Your quokka bites Sigmund.
Your quokka closely misses Sigmund.
Sigmund gestures at you while chanting.
You are more confused.
Are you sure you want to stumble around while confused and next to your quokka?
Sigmund closely misses you.
Are you sure you want to stumble around while confused and next to your crimson imp? [Y]es or [N]o only, please.
Are you sure you want to stumble around while confused and next to your crimson imp?
Okay, then.
Are you sure you want to stumble around while confused and next to your crimson imp?
You bump into the rock wall.
Your quokka bites Sigmund.
Your crimson imp hits Sigmund.
Are you sure you want to stumble around while confused and next to your crimson imp? [Y]es or [N]o only, please.
Are you sure you want to stumble around while confused and next to your crimson imp?
Okay, then.
Your quokka bites Sigmund.
Sigmund hits you but does no damage.
Your crimson imp hits Sigmund.
Your quokka bites Sigmund.
Your crimson imp hits Sigmund but does no damage.
Sigmund zaps a wand.
The bolt of light hits your quokka!
Your quokka dies!
Your quokka's corpse disappears in a puff of smoke!
Your crimson imp blinks!
Sigmund hits you from afar with a +0 scythe!
* * * LOW HITPOINT WARNING * * *
You feel less confused.
Sigmund zaps a wand.
The bolt of light hits you!!
You are confused.
Ouch! That really hurt!
You die...

#####
########...#
#....@...#.###
##@###........#
#..# #.#..#.#.#
#.#...........#
..#.#..#.#.#..##
................#
# ...#.
.#..#.#.## ##.#
...#.......#
....##
.#..###.#....


You could see Sigmund.

Vanquished Creatures
  Jessica (D:2)
  Natasha (D:3)
  5 adders
  A dart slug (D:3)
  2 ball pythons (D:1)
  2 bats
  6 endoplasms
  8 goblins
  9 hobgoblins
  4 kobolds
  4 quokkas
  A frilled lizard (D:1)
  A rat (D:2)
45 creatures vanquished.

Vanquished Creatures (collateral kills)
  Natasha (D:3)
  Robin (D:2)
  An adder (D:2)
  3 bats
  2 endoplasms
  5 goblins (D:2)
  2 hobgoblins
  A ball python (D:3)
  A frilled lizard (D:2)
  A kobold (D:1)
  2 rats (D:2)
20 creatures vanquished.

Grand Total: 65 creatures vanquished

Notes
Turn   | Place    | Note
-------+----------+-------------------------------------------
     0 | D:1      | CowFu the Kobold Summoner began the quest for the Orb.
     0 | D:1      | Reached XP level 1. HP: 10/10 MP: 3/3
   222 | D:1      | Reached XP level 2. HP: 16/16 MP: 3/5
   478 | D:1      | Found a faded altar of an unknown god.
   519 | D:1      | Prayed at the altar of an unknown god.
   519 | D:1      | Became a worshipper of Qazlal Stormbringer
   519 | D:1      | Reached * piety under Qazlal
   592 | D:1      | Reached XP level 3. HP: 20/20 MP: 4/6
   721 | D:2      | Reached skill level 1 in Fighting
   740 | D:2      | Noticed Jessica
   751 | D:2      | Found Pysu's Assorted Antiques.
   755 | D:2      | Found a glowing golden altar of the Shining One.
   759 | D:2      | Killed Jessica
   760 | D:2      | Reached XP level 4. HP: 6/25 MP: 4/8
   795 | D:2      | Bought a scroll labelled ORAYRO AGGIM for 29 gold pieces
   795 | D:2      | Bought a scroll labelled OSEME ZUSTRYIR for 29 gold pieces
   795 | D:2      | Bought a scroll labelled RAFIEFF JYBLA for 29 gold pieces
   837 | D:2      | Found Acutzome's Assorted Antiques.
   872 | D:2      | Learned a level 2 spell: Call Imp
   917 | D:2      | Noticed Robin
   926 | D:2      | Reached ** piety under Qazlal
   938 | D:2      | Killed Robin
   939 | D:2      | Reached XP level 5. HP: 21/30 MP: 6/9
  1147 | D:2      | Found Atakku's General Store.
  1187 | D:2      | Found Vedot's Assorted Antiques.
  1485 | D:3      | Learned a level 3 spell: Call Canine Familiar
  1490 | D:3      | Learned a level 4 spell: Summon Lightning Spire
  1495 | D:3      | Noticed Natasha
  1510 | D:3      | Killed Natasha
  1673 | D:3      | Noticed Natasha
  1679 | D:3      | Killed Natasha
  1821 | D:3      | Reached XP level 6. HP: 21/36 MP: 9/11
  1988 | D:3      | Noticed Sigmund
  2007 | D:3      | Killed from afar by Sigmund

Illustrated notes

Levels and vault maps discovered:
D:1:      elethiomel_arrival_shortcut, layout_rooms,
          chequers_ecumenical_altar_twisty
D:2:      layout_rooms, serial_shops, nicolae_shop_hallway_plus,
          nicolae_shop_window_shopping, nicolae_shop_hallway_plus,
          nicolae_square_shop, basic_altar, uniq_robin, uniq_jessica
D:3:      layout_rooms, serial_glass, glass_columns_c, glass_columns_a,
          glass_columns_c, glass_columns_a, glass_columns_c, glass_columns_a,
          feat_on_display, feat_on_display, item_on_display_a,
          minmay_misc_feat_more_columns, hangedman_decor_points,
          hangedman_decor_peaks_small, grunt_decor_one_mirror, uniq_natasha,
          uniq_sigmund

Skill      XL: |  1  2  3  4  5 |
---------------+----------------+-----
Stealth        | 3 |  3.1
Fighting       | 1 2 |  2.6
Dodging        | 3 4 |  4.0
Spellcasting   | 3 |  3.4
Summonings     | |  4.8

Action                     |  1- 3 |  4- 6 || total
---------------------------+-------+-------++-------
  Melee: Unarmed           |    14 |       ||    14
         Short sword       |    52 |   133 ||   185
   Cast: Summon Small Mamm |    21 |    27 ||    48
         Call Imp          |       |    12 ||    12
    Use: Potion            |       |     1 ||     1
   Stab: Sleeping          |     3 |       ||     3
 Armour: Robe              |    19 |    29 ||    48
  Dodge: Dodged            |    56 |   114 ||   170
  Block: Other             |     1 |    18 ||    19

Table legend: (Time is in decaauts)
 A = Elapsed time spent in this place.
 B = Non-inter-level travel time spent in this place.
 C = Inter-level travel time spent in this place.
 D = Time resting spent in this place.
 E = Time spent auto-exploring this place.
 F = Levels seen in this place.
 G = Mean time per level.
                   A        B        C        D        E       F      G
               +--------+--------+--------+--------+--------+-----+--------+
         Total |   2011 |   1992 |     19 |      0 |   1457 |   3 |  670.3 |
       Dungeon |   2011 |   1992 |     19 |      0 |   1457 |   3 |  670.3 |
               +--------+--------+--------+--------+--------+-----+--------+

Top non-repeatable levels by time:
     D:2: 756 daAuts
     D:1: 721 daAuts
     D:3: 533 daAuts
